Map: Beckett Industries LE

Players

grimblin - Winner!

  • Race: Protoss Protoss
  • League: Diamond

LsURIE

  • Race: Zerg Zerg
  • League: Diamond

VOD

Have the link to the VOD?

Description

Time

  • Played on: June 15, 2021, 3:32 p.m.
  • Length: 10:34
Show
View Real Time Build Order
Export as new Build Order

grimblin Protoss - Winner!

Build Orders: Double Forge 

Get SALT Encoding   

  12  0:00  Probe  
  13  0:12  Probe  
  14  0:19  Pylon  
  14  0:24  Probe  
  15  0:37  Probe  
  16  0:44  Gateway  
  17  0:50  Probe  
  17  1:02  Assimilator, Probe  
  18  1:05  Forge  
  18  1:14  Probe  
  19  1:20  Pylon  
  19  1:26  Probe  
  19  1:30  Zealot (Chrono Boost)  
  22  1:41  Photon Cannon  
  22  1:50  Gateway  
  22  2:00  Zealot (Chrono Boost)  
  24  2:22  Forge  
  24  2:25  Probe  
  26  2:37  Probe  
  26  2:42  Zealot (Chrono Boost)  
  30  2:45  Zealot (Chrono Boost)  
  30  2:53  Cybernetics Core  
  30  3:03  Nexus  
  30  3:15  Assimilator  
  30  3:19  Pylon  
  30  3:46  Stargate  
  30  3:49  Stargate  
  30  3:53  Probe  
  31  4:05  Probe  
  31  4:08  Twilight Council  
  33  4:17  Probe (Chrono Boost)  
  33  4:18  Probe (Chrono Boost)  
  33  4:20  Warp Gate (Chrono Boost)  
  34  4:28  Probe (Chrono Boost)  
  34  4:29  Probe (Chrono Boost)  
  36  4:35  Probe x2 (Chrono Boost)  
  38  4:40  Assimilator  
  38  4:46  Probe  
  38  4:47  Probe  
  38  4:50  Assimilator  
  40  4:57  Pylon  
  40  4:58  Probe  
  40  4:59  Probe  
  42  5:00  Void Ray, Shield Battery  
  46  5:11  Probe x2  
  44  5:18  Gateway  
  42  5:23  Shield Battery  
  36  5:40  Gateway  
  25  5:54  Probe x2  
  27  6:01  Sentry  
  27  6:02  Sentry  
  31  6:05  Void Ray (Chrono Boost)  
  31  6:06  Probe x2  
  33  6:18  Probe x2  
  39  6:30  Charge (Chrono Boost), Probe (Chrono Boost)  
  39  6:31  Probe (Chrono Boost)  
  41  6:36  Sentry  
  41  6:39  Probe x2 (Chrono Boost)  
  45  6:44  Probe x2 (Chrono Boost)  
  47  6:56  Probe x2  
  47  7:00  Void Ray, Zealot x2  
  53  7:01  Zealot  
  59  7:08  Probe x2  
  61  7:20  Gateway  
  61  7:32  Pylon x2  
  61  7:43  Void Ray (Chrono Boost)  
  61  7:53  Void Ray (Chrono Boost)  
  61  7:55  Zealot  
  61  7:56  Zealot x2  
  75  8:15  Probe x2  
  73  8:27  Probe x2  
  73  8:30  Zealot  
  77  8:36  Pylon  
  77  8:37  Pylon x2  
  77  8:45  Void Ray x2 (Chrono Boost), Gateway  
  85  8:59  Zealot x3  
  91  9:14  Gateway  
  91  9:22  Void Ray (Chrono Boost)  
  91  9:25  Zealot x3  
  101  9:45  Void Ray (Chrono Boost)  
Show
View Real Time Build Order
Export as new Build Order

LsURIE Zerg 

Build Orders: 1 Base Baneling Bust, Pool First, Zergling Baneling 

Get SALT Encoding   

  12  0:01  Drone  
  13  0:10  Extractor  
  12  0:25  Spawning Pool  
  11  0:29  Drone  
  12  0:36  Drone  
  12  0:40  Drone  
  14  0:51  Overlord  
  14  1:12  Zergling x2  
  14  1:13  Zergling x4  
  14  1:16  Metabolic Boost  
  17  1:30  Zergling x2  
  18  1:37  Baneling Nest  
  18  1:39  Zergling x2  
  17  2:18  Hatchery  
  17  2:21  Zergling x4  
  18  2:23  Zergling x2  
  19  2:38  Zergling x2  
  19  2:54  Zergling x4  
  21  3:07  Overlord  
  21  3:25  Queen  
  24  3:39  Zergling x6  
  26  3:55  Hatchery, Zergling x2  
  27  4:02  Zergling x2  
  27  4:31  Baneling x2  
  27  4:32  Baneling x12  
  27  4:38  Baneling  
  27  4:48  Zergling x6  
  27  4:50  Overlord  
  30  4:54  Baneling  
  30  4:57  Baneling  
  13  5:50  Queen  
  13  5:51  Zergling x2  
  13  5:52  Spore Crawler, Zergling x6  
  18  6:00  Drone  
  19  6:18  Spore Crawler  
  18  6:20  Drone  
  19  6:30  Drone  
  19  6:31  Drone  
  21  6:42  Drone  
  22  6:58  Drone x3  
  25  7:09  Drone  
  25  7:14  Drone x2  
  25  7:15  Drone  
  29  7:19  Drone  
  30  7:26  Drone  
  30  7:28  Drone  
  32  7:41  Drone x4  
  32  7:43  Overlord  
  36  7:55  Drone, Extractor  
  36  7:57  Drone, Extractor  
  36  8:00  Lair  
  36  8:04  Drone x2  
  38  8:10  Extractor  
  37  8:18  Drone x4  
  41  8:28  Drone x3  
  41  8:31  Overlord x2  
  44  9:00  Drone x4  
  44  9:01  Drone x7  
  55  9:16  Spire  
  54  9:20  Zergling x8  
  54  9:24  Baneling x8  
  56  9:30  Spine Crawler  
  55  9:32  Spine Crawler  
  55  9:33  Drone x3  
  38  9:59  Zergling x4  
  30  10:00  Zergling x10  
Tags
 
Add a new tag
Caveats
  • Supply blocks, unpowered buildings, or Contaminate may cause inaccurate times.
  • Supply counts are checked every 10 seconds.